 Dungeon Sprint DCSS version 0.28-a0-71-g84acfa7270 (webtiles) character file.

Game seed: 1358827339851577181

5 Zeldest the Shield-Bearer (level 1, -4/22 HPs)
             Began as a Troll Fighter on Aug 2, 2021.
             Slain by an ogre (26 damage)
             ... in the Dungeon (Sprint IX: "|||||||||||||||||||||||||||||").
             The game lasted 00:00:06 (21 turns).

Zeldest the Shield-Bearer (Troll Fighter)             Turns: 21, Time: 00:00:06

Health: -4/22      AC:  4    Str: 23    XL:     1   Next: 66%
Magic:  0/0        EV:  8    Int:  4    God:
Gold:   0          SH:  8    Dex:  9    Spells: 0/0 levels left

rFire   . . .      SeeInvis .     - Unarmed
rCold   . . .      Faith    .   b - +0 kite shield
rNeg    . . .      Spirit   .   a - +0 robe
rPois   .          Reflect  .   (helmet restricted)
rElec   .          Harm     .   (no cloak)
rCorr   .          Rampage  .   (gloves unavailable)
Will    .....      NoTele   +   (boots unavailable)
Stlth   +.........              (no amulet)
HPRegen 1.07/turn               (no ring)
MPRegen 0.07/turn               (no ring)

@: no status effects
A: large, unfitting armour, claws 3, regeneration 1, shaggy fur 1, tough skin 1
a: no special abilities


You were in the Dungeon.
You visited 1 branch

Inventory:

Armour
 a - a +0 robe (worn)
 b - a +0 kite shield (worn)
Scrolls
 i - a scroll of blinking
Potions
 c - a potion of might
 d - a potion of curing
 e - a potion of heal wounds
 f - a potion of haste
 g - 2 potions of magic
 h - a potion of berserk rage


   Skills:
 - Level 2.8 Fighting
 - Level 2.8 Dodging
 - Level 2.8 Shields
 + Level 2.5 Unarmed Combat


You couldn't memorise any spells.
You didn't know any spells.
Your spell library was empty.

Dungeon Overview and Level Annotations

Branches:
Dungeon (1/1)

Altars:


Innate Abilities, Weirdness & Mutations

You are too large for most types of armour.
You have claws for hands.
Your natural rate of healing is unusually fast.
You are covered in fur. (AC +1)
You have tough skin. (AC +1)


Message History

Found a staircase leading out of the dungeon.
As you open the door, it creaks loudly!
A quokka, a goblin, a hobgoblin and 2 kobolds come into view.
A kobold is wielding a +2 dagger of holy wrath.
The kobold shouts!
The goblin shouts!
The kobold shouts!
You scratch the kobold.
You kill the kobold!
You claw the kobold!
You kill the kobold!
The goblin hits you but does no damage.
There is an open door to the Dungeon here.
Things that are here:
a +0 short sword; a +2 dagger of holy wrath You barely miss the goblin.
You block the goblin's attack.
You barely miss the goblin. The goblin hits you with a +0 dagger.
You scratch the goblin.
You kill the goblin!
The quokka bites you.
You closely miss the quokka. The quokka bites you.
You claw the quokka!
You kill the quokka!
You scratch the hobgoblin.
The hobgoblin is severely wounded.
The hobgoblin hits you.
You closely miss the hobgoblin.
The hobgoblin is severely wounded.
The hobgoblin barely misses you.
You claw the hobgoblin!
You kill the hobgoblin!
Things that are here:
a +0 dagger; a quokka corpse You open the door.
A worm, an orc, an ogre and 2 skeletons come into view.
The ogre shouts!
The orc shouts!
The jackal skeleton bites you but does no damage.
You scratch the jackal skeleton.
You destroy the jackal skeleton!
The ogre hits you with a +0 giant club!!
Ouch! That really hurt!
You die... ▓▓▓▓▓▓▓▓▓▓▓▓▓▓▓▓▓▓ ▓<...))...@Oo.w.Z+ ▓▓▓▓▓▓▓▓▓▓▓▓▓▓▓▓▓▓

You could see an ogre, a worm, an orc and a bat skeleton.

Vanquished Creatures
  A goblin (D)
  A hobgoblin (D)
  A quokka (D)
  A jackal skeleton (D)
  2 kobolds (D)
6 creatures vanquished.

Notes
Turn   | Place    | Note
-------+----------+-------------------------------------------
     0 | D        | Zeldest the Troll Fighter began the quest for the Orb.
     0 | D        | Reached XP level 1. HP: 22/22 MP: 0/0
    20 | D        | Noticed an ogre
    21 | D        | Slain by an ogre

Illustrated notes

Levels and vault maps discovered:
D:        linesprint [early_d, line_temple, items_1, d_10, items_2, lair_1,
          lair_end, items_3, orc_1, orc_end, items_4, d_15, swamp_1, shoals_1,
          snake_1, spider_1, d_20, vaults_1, items_5, swamp_end, shoals_end,
          snake_end, spider_end, vaults_end, d_27, items_6, zot_1, zot_end,
          crypt_end, forest_end, elf_end, slime_end, tomb_end, abyss_end,
          pan_hell_end]

Action                   || total
-------------------------++-------
Melee: Unarmed           ||    11
Armor: Robe              ||     2
Dodge: Dodged            ||     1
Block: Kite shield       ||     1

Table legend: (Time is in decaauts)
 A = Elapsed time spent in this place.
 B = Non-inter-level travel time spent in this place.
 C = Inter-level travel time spent in this place.
 D = Time resting spent in this place.
 E = Time spent auto-exploring this place.
 F = Levels seen in this place.
 G = Mean time per level.
                   A        B        C        D        E       F      G
               +--------+--------+--------+--------+--------+-----+--------+
         Total |     22 |     22 |      0 |      0 |      0 |   1 |   22.0 |
       Dungeon |     22 |     22 |      0 |      0 |      0 |   1 |   22.0 |
               +--------+--------+--------+--------+--------+-----+--------+

Top non-repeatable levels by time:
       D: 22 daAuts
